 Dungeon Crawl Stone Soup version 0.29.1-1-gd02db6906a (webtiles) character file.

Game seed: 5565570687154328582

35 fireball365 the Covered (level 3, -3/33 HPs)
             Began as a Minotaur Fighter on Oct 13, 2022.
             Was a Follower of Elyvilon.
             Slain by Sigmund
             ... wielding a +2 scythe of venom
              (7 damage)
             ... on level 2 of the Dungeon.
             The game lasted 00:07:31 (1697 turns).

fireball365 the Covered (Minotaur Fighter)          Turns: 1697, Time: 00:07:31

Health: -3/33      AC:  9    Str: 20    XL:     3   Next: 17%
Magic:  2/2        EV:  7    Int:  5    God:    Elyvilon [*.....]
Gold:   26         SH:  4    Dex: 11    Spells: 2/2 levels left

rFire   . . .      SeeInvis .   a - +0 war axe
rCold   . . .      Faith    .   c - +0 buckler
rNeg    . . .      Spirit   .   j - +0 chain mail
rPois   .          Reflect  .   (helmet restricted)
rElec   .          Harm     .   e - scarf {repulsion}
rCorr   .          Rampage  .   (no gloves)
Will    .....                   (no boots)
Stlth   ..........              (no amulet)
HPRegen 0.11/turn               (no ring)
MPRegen 0.08/turn               (no ring)

@: lethally poisoned (-3 -> -7), repel missiles
A: horns 2, retaliatory headbutt
a: Renounce Religion, Purification


You were on level 2 of the Dungeon.
You worshipped Elyvilon.
Elyvilon was aware of your devotion.
You visited 1 branch of the dungeon, and saw 2 of its levels.

You collected 26 gold pieces.

Inventory:

Hand Weapons
 a - a +0 war axe (weapon)
Missiles
 i - 18 stones (quivered)
 o - 6 poisoned darts
Armour
 b - a +0 scale mail
 c - a +0 buckler (worn)
 e - a scarf of repulsion (worn)
 j - a +0 chain mail (worn)
Jewellery
 g - a ring of poison resistance
Scrolls
 f - 2 scrolls of teleportation {unknown}
 h - a scroll of identify {unknown}
 k - a scroll of torment {unknown}
 l - a scroll of poison {unknown}
 p - a scroll of immolation {unknown}
Potions
 d - a potion of might
 m - a potion of curing {unknown}
 n - a potion of attraction {unknown}
 q - a potion of degeneration {unknown}


   Skills:
 + Level 4.1 Fighting
 + Level 2.8 Axes
 + Level 4.3 Armour
 + Level 4.1 Shields


You had 2 spell levels left.
You didn't know any spells.
Your spell library contained the following spells:

 Spells                   Type           Power      Damage    Failure   Level
 Sublimation of Blood     Necr           0%         N/A       100%        2
 Petrify                  Tmut/Erth      0%         N/A       100%        4
 Irradiate                Conj/Tmut      0%         3d11      100%        5


Dungeon Overview and Level Annotations

Branches:
Dungeon (2/15)

Altars:
Elyvilon

Annotations:
D:2 Sigmund


Innate Abilities, Weirdness & Mutations

You have a pair of horns on your head.
You reflexively headbutt those who attack you in melee.


Message History

o - 6 poisoned darts
p - a scroll labelled ASI IRCHERGHOOM You see here a +0 robe.
A hobgoblin comes into view.
The hobgoblin shouts!
You block the hobgoblin's attack.
You barely miss the hobgoblin. You headbutt the hobgoblin.
You kill the hobgoblin!
Found a blue potion.
q - a blue potion
Found a stone staircase leading down.
Found 14 gold pieces.
Found an escape hatch in the ceiling.
Sigmund the Dreaded comes into view.
He is wielding a +2 scythe of venom.
Found a hand axe.
Sigmund shouts!
Sigmund gestures at you while chanting. The puff of flame misses you.
Sigmund hits you with a +2 scythe of venom!
You are poisoned.
You closely miss Sigmund.
You feel very sick. Sigmund casts a spell at you. The puff of flame hits you!
You closely miss Sigmund. You headbutt Sigmund!
Sigmund is heavily wounded.
* * * LOW HITPOINT WARNING * * *
You feel very sick. Sigmund barely misses you.
You closely miss Sigmund. You headbutt Sigmund.
Sigmund is severely wounded.
* * * LOW HITPOINT WARNING * * *
You feel sick.
Sigmund says, "Don't worry, I'll kill you fast."
Sigmund casts a spell.
Sigmund flickers and vanishes!
Deactivating autopickup; reactivate with Ctrl-A.
You hit something.
* * * LOW HITPOINT WARNING * * *
You feel sick. Something hits you!
You die...

.. #. #. #### #
#.##.##.. ...#
#.#...#.# .##.#
#.<.....# .. #.#
.#.......##.#
##.##
....$.{@...###....
##.......##.#.##>#
##).....#
#..##.###
##...#.####......#
#
##.##.........#.#
.#
#.############.#
.# #.# #.# .# #.#
###.# ##### #.#
#...#


There were no monsters in sight!

Vanquished Creatures
  An adder (D:2)
  2 bats (D:1)
  2 endoplasms (D:1)
  2 giant cockroaches (D:1)
  2 goblins (D:2)
  4 hobgoblins
  A quokka (D:1)
  3 ball pythons (D:1)
  2 kobolds (D:1)
  6 rats
25 creatures vanquished.

Notes
Turn   | Place    | Note
-------+----------+-------------------------------------------
     0 | D:1      | fireball365 the Minotaur Fighter began the quest for the
                  | Orb.
     0 | D:1      | Reached XP level 1. HP: 19/19 MP: 0/0
   470 | D:1      | Reached XP level 2. HP: 27/27 MP: 1/1
   553 | D:1      | Found a faded altar of an unknown god.
   562 | D:1      | Prayed at the altar of an unknown god.
   562 | D:1      | Became a worshipper of Elyvilon the Healer
   562 | D:1      | Reached * piety under Elyvilon
  1506 | D:2      | Reached XP level 3. HP: 28/33 MP: 2/2
  1689 | D:2      | Noticed Sigmund
  1697 | D:2      | Slain by Sigmund

Illustrated notes

Levels and vault maps discovered:
D:1:      eino_arrival_cavern_d, layout_loops_corners,
          shapermc_ecumenical_altar_starsandcircs
D:2:      layout_loops_ring, ebering_dispersal_statue_hall, uniq_sigmund

Skill      XL: |  1  2 |
---------------+-------+-----
Armour         | 4 |  4.3
Shields        | 4 |  4.1
Fighting       | 4 |  4.1
Axes           | |  2.8

Action                   || total
-------------------------++-------
Melee: War axe           ||    50
       Headbutt          ||     6
Armor: Scale mail        ||    10
       Chain mail        ||    31
Dodge: Dodged            ||    32
Block: Buckler           ||    15
